 Dungeon Crawl Stone Soup version 0.31-a0-198-g2ad674f65e (webtiles) character file.

Game seed: 95638424967470734

112 qw the Skirmisher (level 4, 0/25 HPs)
             Began as a Deep Elf Hunter on June 25, 2023.
             Slain by an iguana (10 damage)
             ... on level 3 of the Dungeon.
             The game lasted 00:00:44 (1588 turns).

qw the Skirmisher (Deep Elf Hunter)                 Turns: 1588, Time: 00:00:44

Health: 0/25       AC: 11    Str: 10    XL:     4   Next: 64%
Magic:  6/6        EV: 11    Int: 14    God:
Gold:   133        SH:  0    Dex: 18    Spells: 3/3 levels left

rFire   . . .        Y - +1 shortbow
rCold   . . .        (shield currently unavailable)
rNeg    . . .        d - +0 ring mail
rPois   +            (no helmet)
rElec   .            (no cloak)
rCorr   .            k - +2 pair of gloves
SInv    .            j - +2 pair of boots
Will    .....        (no amulet)
Stlth   +            h - ring of poison resistance
HPRegen 0.24/turn    (no ring)
MPRegen 0.10/turn

%: no passive effects
@: no status effects
A: no striking features
a: no special abilities


You were on level 3 of the Dungeon.
You visited 1 branch of the dungeon, and saw 3 of its levels.

You collected 159 gold pieces.
You spent 26 gold pieces at shops.


   Skills:
 - Level 1.5 Fighting
 + Level 8.1 Ranged Weapons
 - Level 2.4 Dodging
 - Level 1.2 Stealth


You had 3 spell levels left.
You didn't know any spells.
Your spell library was empty.

Inventory:

Hand Weapons
 Y - a +1 shortbow (weapon)
Armour
 d - a +0 ring mail (worn)
 j - a +2 pair of boots (worn)
 k - a +2 pair of gloves (worn)
Jewellery
 h - a ring of poison resistance (left hand)
Scrolls
 b - 2 scrolls of teleportation
 i - a scroll of identify
Potions
 a - a potion of enlightenment {unknown}
 e - a potion of might
 l - a potion of heal wounds

Dungeon Overview and Level Annotations

Branches:
Dungeon (3/15)

Altars:

Shops:
D:1 ?*[=


Message History

A rat comes into view.
Enter note:
Enter note: You shoot an arrow.
The arrow hits the rat.
The rat is moderately wounded.
You shoot an arrow. The arrow completely misses the rat.
You shoot an arrow. The arrow completely misses the rat.
You shoot an arrow. The arrow hits the rat.
You kill the rat!
An iguana comes into view.
The iguana hisses angrily.
Enter note:
Enter note: You shoot an arrow.
The arrow hits the iguana!
The iguana is moderately wounded.
You shoot an arrow. The arrow completely misses the iguana.
You shoot an arrow.
The arrow hits the iguana but does no damage.
The iguana is moderately wounded.
You shoot an arrow. The arrow hits the iguana.
The iguana is heavily wounded.
You shoot an arrow. The arrow hits the iguana.
The iguana is almost dead.
The iguana bites you!
You shoot an arrow. The arrow barely misses the iguana.
The iguana misses you.
You shoot an arrow.
The arrow hits the iguana but does no damage.
The iguana is almost dead.
The iguana bites you but does no damage.
You shoot an arrow. The arrow barely misses the iguana.
The iguana bites you!
You shoot an arrow. The arrow hits the iguana.
The iguana is almost dead.
The iguana barely misses you.
You shoot an arrow.
The arrow hits the iguana but does no damage.
The iguana is almost dead.
The iguana bites you!
You die...

######.###..##.#.........#
#.# #.....#...)#.#.##
#.###.....#.###...##
##..........# #...#
##...#.....# #...#
#######.......#.## #...#
.....##.......#.## #.(.#
.....##..........###...#
.....###....#...@l......
........................
.....####.#.##..........
.....# #.#......##.....
.....# #.######## .....
#########.# .... #.......#
... #.####### ... #.#


You could see an iguana.

Vanquished Creatures
  6 adders (D:2)
  2 worms
  4 dart slugs
  4 endoplasms
  2 giant cockroaches
  A goblin (D:2)
  6 hobgoblins
  2 quokkas (D:1)
  4 ball pythons
  5 bats
  3 frilled lizards
  5 kobolds
  3 rats
47 creatures vanquished.

Notes
Turn   | Place    | Note
-------+----------+-------------------------------------------
     0 | D:1      | qw the Deep Elf Hunter began the quest for the Orb.
     0 | D:1      | Reached XP level 1. HP: 12/12 MP: 3/3
     0 | D:1      | 0 ||| qw: Version: 0.3-a-22-g0ed2b0b
     0 | D:1      | 0 ||| qw: Game counter: 5355
     0 | D:1      | 0 ||| qw: Melee chars always use a shield: true
     0 | D:1      | 0 ||| qw: God list: Okawaru
     0 | D:1      | 0 ||| qw: Allow faded altars: false
     0 | D:1      | 0 ||| qw: Do Orc after clearing Dungeon:15 true
     0 | D:1      | 0 ||| qw: Do second Lair branch before Depths: true
     0 | D:1      | 0 ||| qw: Lair rune preference: random
     0 | D:1      | 0 ||| qw: Goals: Normal
     0 | D:1      | 0 ||| PLANNING D:1-11
   104 | D:1      | Reached XP level 2. HP: 16/16 MP: 4/4
   129 | D:1      | Reached skill level 6 in Ranged Weapons
   215 | D:1      | Found Taomitea's Armour Boutique.
   229 | D:1      | 229 ||| SHOPLISTING +0 helmet (54 gold, have 36).
   229 | D:1      | 229 ||| SHOPLISTING +0 ring mail (48 gold, have 36).
   229 | D:1      | 229 ||| SHOPLISTING +2 robe of positive energy (176 gold,
                  | have 36).
   229 | D:1      | 229 ||| SHOPLISTING +9 ice dragon scales of Bunugg {rF-
                  | rC++ rCorr} (1345 gold, have 36).
   358 | D:1      | Found Esesod's General Store.
   370 | D:1      | 370 ||| SHOPLISTING potion of haste (130 gold, have 64).
   370 | D:1      | 370 ||| SHOPLISTING potion of mutation (104 gold, have 64).
   370 | D:1      | 370 ||| SHOPLISTING scroll of enchant armour (97 gold, have
                  | 64).
   370 | D:1      | 370 ||| BUYING scroll of identify (26 gold).
   370 | D:1      | Bought a scroll of identify for 26 gold pieces
   466 | D:1      | Found Coporr's Magic Scroll Emporium.
   478 | D:1      | 478 ||| SHOPLISTING scroll of enchant armour (105 gold,
                  | have 38).
   478 | D:1      | 478 ||| SHOPLISTING scroll of teleportation (42 gold, have
                  | 38).
   541 | D:1      | Found Zafau's Jewellery Shoppe.
   549 | D:1      | 549 ||| SHOPLISTING +6 ring of dexterity (468 gold, have
                  | 38).
   549 | D:1      | 549 ||| SHOPLISTING amulet of Xom's Wantonness {Faith rF+}
                  | (702 gold, have 38).
   549 | D:1      | 549 ||| SHOPLISTING ring "Ukkoa" {Wiz rPois rF- Str+8
                  | Int+2} (717 gold, have 38).
   549 | D:1      | 549 ||| SHOPLISTING ring of fire (325 gold, have 38).
   549 | D:1      | 549 ||| SHOPLISTING ring of protection from cold (325 gold,
                  | have 38).
   549 | D:1      | 549 ||| SHOPLISTING ring of willpower (325 gold, have 38).
   667 | D:1      | 667 ||| UPGRADING to +0 pair of gloves.
   672 | D:1      | 672 ||| UPGRADING to ring of poison resistance.
   673 | D:1      | 673 ||| READING scroll labelled OLLAOL MOFFI.
   674 | D:1      | 674 ||| READING scroll labelled EZIEGO ONOSH.
   675 | D:1      | 675 ||| READING scroll labelled HAONWUTHEPYL.
   676 | D:1      | 676 ||| DROPPING scroll of butterflies.
   686 | D:2      | Reached XP level 3. HP: 16/20 MP: 5/5
   690 | D:2      | HP: 4/20 [frozen (5)]
   827 | D:2      | Reached skill level 7 in Ranged Weapons
   936 | D:2      | 936 ||| FLEEEEING.
   993 | D:2      | Reached XP level 4. HP: 25/25 MP: 6/6
  1049 | D:2      | Found a faded altar of an unknown god.
  1300 | D:2      | 1300 ||| UPGRADING to +0 ring mail.
  1310 | D:2      | 1310 ||| DROPPING +0 leather armour.
  1311 | D:2      | 1311 ||| UPGRADING to +2 pair of boots.
  1316 | D:2      | 1316 ||| UPGRADING to +2 pair of gloves.
  1326 | D:2      | 1326 ||| DROPPING +0 pair of gloves.
  1327 | D:2      | 1327 ||| READING 2 scrolls labelled YSTROU ODITOEST.
  1328 | D:2      | 1328 ||| READING 3 scrolls labelled QACEKOL HIAH.
  1332 | D:2      | 1332 ||| READING scroll labelled IZUFEA MAFFESCH.
  1333 | D:2      | 1333 ||| READING scroll labelled ICVEGIE GOUC.
  1334 | D:2      | 1334 ||| READING scroll labelled NAEPTA JOLLY.
  1335 | D:2      | 1335 ||| DRINKING 2 cyan potions.
  1336 | D:2      | 1336 ||| READING 3 scrolls of identify.
  1336 | D:2      | 1336 ||| IDENTIFYING murky silvery potion
  1337 | D:2      | 1337 ||| READING 2 scrolls of identify.
  1337 | D:2      | 1337 ||| IDENTIFYING dark potion
  1338 | D:2      | 1338 ||| DROPPING scroll of fear.
  1339 | D:2      | 1339 ||| DROPPING potion of degeneration.
  1408 | D:3      | Reached skill level 8 in Ranged Weapons
  1588 | D:3      | Slain by an iguana

Levels and vault maps discovered:
D:1:      grunt_arrival_crossed_arrows, layout_loops_ring, serial_shops, shop,
          nicolae_shop_trees, shop, nicolae_shop_peninsula
D:2:      layout_rooms, shapermc_ecumenical_altar_gd, eino_tiny_chamber,
          serial_bayou_pond_a, hangedman_abyss_or_decor_stabs,
          kennysheep_decorative_pillar, minmay_pentomino_q4
D:3:      layout_loops_cross, chequers_arboretum

Skill      XL: |  1  2  3  4 |
---------------+-------------+-----
Ranged Weapons | 6 7 8 |  8.1
Fighting       | |  1.5
Dodging        | |  2.4
Stealth        | |  1.2

Action                     |  1- 3 |  4- 6 || total
---------------------------+-------+-------++-------
   Fire: Shortbow          |    72 |    64 ||   136
    Use: Scroll            |     3 |     7 ||    10
         Potion            |       |     1 ||     1
 Armour: Leather armour    |     4 |     5 ||     9
         Ring mail         |       |     6 ||     6
  Dodge: Dodged            |    10 |    13 ||    23

Table legend:
 A = Non-vault XP
 B = Vault XP
 C = Vault XP percentage of total XP
 D = Non-vault monster count
 E = Vault monster count
 F = Vault count percentage of total count
                 A         B        C        D         E       F
            +---------+---------+-------+---------+---------+-------
      Total |     143 |      18 |  11.2 |      44 |       3 |   6.4
            +---------+---------+-------+---------+---------+-------
        D:1 |      31 |       0 |   0.0 |      18 |       0 |   0.0
        D:2 |      95 |      18 |  15.9 |      18 |       3 |  14.3
        D:3 |      17 |       0 |   0.0 |       8 |       0 |   0.0
            +---------+---------+-------+---------+---------+-------
